 Dungeon Sprint DCSS version 0.29.1-15-g9cfb28693d (webtiles) character file.

Game seed: 7491265874452661872

2778 rocky1 the Geomancer (level 9, -14/48 HPs)
             Began as a Deep Elf Earth Elementalist on Apr 17, 2023.
             Was a High Priest of Sif Muna.
             Demolished by a komodo dragon (31 damage)
             ... in the Dungeon (Sprint VII: "The Pits").
             The game lasted 00:04:35 (1167 turns).

rocky1 the Geomancer (Deep Elf Earth Elementalist)  Turns: 1167, Time: 00:04:35

Health: -14/48     AC:  3    Str:  5    XL:     9   Next: 42%
Magic:  8/26       EV: 14    Int: 28    God:    Sif Muna [*****.]
Gold:   0          SH:  0    Dex: 18    Spells: 27/31 levels left

rFire   . . .      SeeInvis .   k - +2 quarterstaff (protect)
rCold   . . .      Faith    .   (shield currently unavailable)
rNeg    . . .      Spirit   .   a - +0 robe
rPois   .          Reflect  .   (no helmet)
rElec   .          Harm     .   p - +0 cloak
rCorr   .          Rampage  .   (no gloves)
Will    .....      NoTele   +   (no boots)
Stlth   +++.......              (no amulet)
HPRegen 0.16/turn               l - +3 ring of intelligence
MPRegen 0.20/turn               n - +3 ring of dexterity

@: brilliant
A: no striking features
a: Renounce Religion, Channel Magic, Forget Spell, Divine Exegesis


You were in the Dungeon.
You worshipped Sif Muna.
Sif Muna was extremely pleased with you.
You visited 1 branch

Inventory:

Hand Weapons
 k - a +2 quarterstaff of protection (weapon)
 q - a +0 lajatang
 r - a +2 scimitar of flaming
Armour
 a - a +0 robe (worn)
 p - a +0 cloak (worn)
Jewellery
 l - a +3 ring of intelligence (left hand)
 n - a +3 ring of dexterity (right hand)
Scrolls
 i - 5 scrolls of amnesia
 j - a scroll of summoning
Potions
 b - 5 potions of magic
 c - 9 potions of curing
 d - 10 potions of heal wounds
 e - a potion of haste
 f - 3 potions of berserk rage
 h - 2 potions of invisibility
 m - a potion of brilliance
 o - a potion of might


   Skills:
 - Level 2.1 Fighting
 - Level 4.3 Dodging
 - Level 4.5 Stealth
 + Level 11.6 Spellcasting
 * Level 12.5 Conjurations
 - Level 1.1 Transmutations
 * Level 14.4 Earth Magic
 + Level 10.1 Invocations


You had 27 spell levels left.
You knew the following spells:

 Your Spells              Type           Power      Damage    Failure   Level
a - Sandblast             Erth           100%       2d20      0%          1
b - Stone Arrow           Conj/Erth      100%       3d13      1%          3

Your spell library contained the following spells:

 Spells                   Type           Power      Damage    Failure   Level
 Passwall                 Tmut/Erth      61%        N/A       1%          2
 Static Discharge         Conj/Air       67%        3-12/arc  1%          2
 Petrify                  Tmut/Erth      74%        N/A       1%          4
 Apportation              Tloc           48%        N/A       3%          1
 Lightning Bolt           Conj/Air       33%        1d51      7%          5
 Vampiric Draining        Necr           24%        2d7       11%         3
 Passage of Golubria      Tloc           24%        N/A       34%         4
 Summon Forest            Summ/Tloc      12%        N/A       67%         5
 Maxwell's Capacitive Co  Air            12%        ∞         100%        8


Dungeon Overview and Level Annotations

Branches:
Dungeon (1/1)

Altars:
Ashenzari
Cheibriados
Dithmenos
Elyvilon
Fedhas
Gozag
Hepliaklqana
Kikubaaqudgha
Makhleb
Nemelex Xobeh
Okawaru
Qazlal
Ru
Sif Muna
Trog
Uskayaw
Vehumet
Wu Jian
Xom
Yredelemnul
Zin
The Shining One
Jiyva
Lugonu


Message History

The smoke demon gestures at you. Something smites you!
* * * LOW HITPOINT WARNING * * *
You feel much better. The yak gores you!
Unknown command.
Aiming: Stone Arrow (safe; 1% risk of failure)
Press: ? - help, Q - select action, (/) - cycle Shift-Dir - straight line, f/p - yak
Aim: a yak (moderately wounded, 87% to hit)
You feel a surge of power!
The stone arrow misses the yak. x2
The yak misses you.
Unknown command.
Aiming: Stone Arrow (safe; 1% risk of failure)
Press: ? - help, Q - select action, (/) - cycle Shift-Dir - straight line, f/p - yak
Aim: a yak (moderately wounded, 87% to hit)
You feel a surge of power!
The stone arrow hits the yak!
The yak is heavily wounded.
The yak gores you!
* * * LOW HITPOINT WARNING * * *
You feel much better. The yak gores you!
Unknown command.
Aiming: Stone Arrow (safe; 1% risk of failure)
Press: ? - help, Q - select action, (/) - cycle Shift-Dir - straight line, f/p - yak
Aim: a yak (heavily wounded, 87% to hit)
You feel a surge of power!
The stone arrow hits the yak!
The yak is almost dead.
The yak gores you!
Aiming: Stone Arrow (safe; 1% risk of failure)
Press: ? - help, Q - select action, (/) - cycle Shift-Dir - straight line, f/p - yak
Aim: a yak (almost dead, 87% to hit)
You feel a surge of power!
The stone arrow hits the yak!
You kill the yak!
Sif Muna accepts your kill.
Aiming: Stone Arrow (safe; 1% risk of failure)
Press: ? - help, Q - select action, (/) - cycle Shift-Dir - straight line, f - komodo dragon
Aim: a komodo dragon (84% to hit)
You feel a surge of power!
The stone arrow hits the komodo dragon!
The komodo dragon is moderately wounded.
The komodo dragon bites you!!
Ouch! That really hurt!
You die...

############ #_________.#
#_________.#
#_______...###########++####
##########'##...............
#.?(.')))'.##......#..#.....
##########.##...............
#..........@lY..............
#'#####'#####3.....#..#.....
#.#..#.)#[[##...............
#.#..'..#))#####'#####''####
#.#..####.)##.......##''####
#.#..#..#))##.......##......
#.#..#†.#..##.......##......
#.##'#..#'###...<...###Y...#
#.#........##.......# ##)'##


You could see a komodo dragon, a yak and a smoke demon.

Vanquished Creatures
  A flayed ghost (D)
  A deep elf pyromancer (D)
  A deep elf zephyrmancer (D)
  A molten gargoyle (D)
  A gargoyle (D)
  A flying skull (D)
  2 yaks (D)
  A floating eye (D)
  An orc warrior (D)
  A sky beast (D)
  An ogre (D)
  An orc wizard (D)
  An ufetubus (D)
  An adder skeleton (D)
  A worm (D)
  4 orcs (D)
  2 endoplasms (D)
  3 jackals (D)
  A quokka (D)
  A ball python zombie (D)
  A frilled lizard (D)
  2 kobolds (D)
  A rat (D)
31 creatures vanquished.

Notes
Turn   | Place    | Note
-------+----------+-------------------------------------------
     0 | D        | rocky1 the Deep Elf Earth Elementalist began the quest for
                  | the Orb.
     0 | D        | Reached XP level 1. HP: 10/10 MP: 6/6
    16 | D        | Reached skill level 4 in Earth Magic
    21 | D        | Found a bloodstained altar of Trog.
    21 | D        | Found a shimmering blue altar of Sif Muna.
    21 | D        | Found a viscous altar of Jiyva.
    21 | D        | Found a hazy altar of Hepliaklqana.
    21 | D        | Found an opulent altar of Gozag.
    22 | D        | Found a glowing golden altar of the Shining One.
    22 | D        | Found a glowing silver altar of Zin.
    22 | D        | Found a basalt altar of Yredelemnul.
    22 | D        | Found a shimmering altar of Xom.
    22 | D        | Found an ornate altar of the Wu Jian Council.
    22 | D        | Found a sacrificial altar of Ru.
    22 | D        | Found a stormy altar of Qazlal.
    22 | D        | Found an iron altar of Okawaru.
    22 | D        | Found a sparkling altar of Nemelex Xobeh.
    22 | D        | Found a burning altar of Makhleb.
    22 | D        | Found a blossoming altar of Fedhas.
    22 | D        | Found a white marble altar of Elyvilon.
    22 | D        | Found a shadowy altar of Dithmenos.
    22 | D        | Found a snail-covered altar of Cheibriados.
    24 | D        | Found a radiant altar of Vehumet.
    24 | D        | Found a corrupted altar of Lugonu.
    25 | D        | Found a hide-covered altar of Uskayaw.
    25 | D        | Found an ancient bone altar of Kikubaaqudgha.
    25 | D        | Found a broken altar of Ashenzari.
    29 | D        | Became a worshipper of Sif Muna the Loreminder
    88 | D        | Reached * piety under Sif Muna
    89 | D        | Reached skill level 5 in Earth Magic
    89 | D        | Reached XP level 2. HP: 10/15 MP: 6/8
   193 | D        | Noticed a floating eye
   196 | D        | Reached ** piety under Sif Muna
   197 | D        | Reached skill level 6 in Earth Magic
   217 | D        | Killed a floating eye
   218 | D        | Reached skill level 7 in Earth Magic
   218 | D        | Reached XP level 3. HP: 21/21 MP: 8/11
   218 | D        | Reached XP level 4. HP: 26/26 MP: 8/12
   273 | D        | Learned a level 3 spell: Stone Arrow
   281 | D        | Reached *** piety under Sif Muna
   283 | D        | Noticed an ogre
   289 | D        | Reached **** piety under Sif Muna
   290 | D        | Reached skill level 5 in Spellcasting
   291 | D        | Killed an ogre
   292 | D        | Reached skill level 8 in Earth Magic
   292 | D        | Reached skill level 5 in Invocations
   292 | D        | Reached XP level 5. HP: 23/30 MP: 6/15
   424 | D        | Noticed a molten gargoyle
   428 | D        | Killed a molten gargoyle
   429 | D        | Reached skill level 10 in Earth Magic
   429 | D        | Reached XP level 6. HP: 7/35 MP: 3/18
   429 | D        | Reached XP level 7. HP: 8/40 MP: 3/20
   677 | D        | Reached ***** piety under Sif Muna
   680 | D        | Received a gift from Sif Muna
   692 | D        | Got Sif Muna's Quarto of Vile Superposition {god gift}
   888 | D        | Noticed a flying skull
   888 | D        | Noticed a flayed ghost
   888 | D        | Noticed a gargoyle
   891 | D        | Killed a flying skull
   892 | D        | Reached skill level 11 in Earth Magic
   893 | D        | Killed a gargoyle
   894 | D        | Reached skill level 12 in Earth Magic
   894 | D        | Reached XP level 8. HP: 44/44 MP: 12/23
   896 | D        | Killed a flayed ghost
   897 | D        | Reached skill level 10 in Spellcasting
   897 | D        | Reached skill level 10 in Conjurations
  1018 | D        | Noticed a deep elf pyromancer
  1021 | D        | Reached skill level 13 in Earth Magic
  1026 | D        | Noticed a deep elf zephyrmancer
  1027 | D        | Killed a deep elf pyromancer
  1027 | D        | Noticed a smoke demon
  1028 | D        | Reached XP level 9. HP: 48/48 MP: 13/25
  1028 | D        | Noticed a komodo dragon
  1031 | D        | Killed a deep elf zephyrmancer
  1032 | D        | Reached skill level 14 in Earth Magic
  1157 | D        | Received a gift from Sif Muna
  1158 | D        | Reached skill level 10 in Invocations
  1167 | D        | Demolished by a komodo dragon

Illustrated notes

Levels and vault maps discovered:
D:        pitsprint [storerooms_1, entrance_room_1, metal_vault_2, armoury_1,
          mini_pit_1, grid_room_1, main_hall_1, silver_pit, the_coven_2,
          the_vestibule_1, steel_vault_2, golden_pit, hallway_of_sentries,
          crystal_vault_2, iron_vault_1, final_vault]

Skill      XL: |  1  2  3  4  5  6  7  8  9 |
---------------+----------------------------+-----
Earth Magic    | 5 7 8 10 12 13 14 | 14.4
Fighting       | 2 |  2.1
Dodging        | 4 |  4.3
Stealth        | 4 |  4.5
Spellcasting   | 4 6 7 9 10 11 | 11.6
Invocations    | 4 5 6 8 9 10 | 10.1
Conjurations   | 3 7 9 11 12 | 12.5
Transmutations | |  1.1

Action                   |  1- 3 |  4- 6 |  7- 9 || total
-------------------------+-------+-------+-------++-------
Melee: Quarterstaff      |       |       |     1 ||     1
 Cast: Sandblast         |    11 |    12 |       ||    23
       Stone Arrow       |       |     6 |    29 ||    35
  Use: Potion            |       |       |     3 ||     3
       Scroll            |       |       |     1 ||     1
Armor: Robe              |       |     1 |     1 ||     2
Dodge: Dodged            |     2 |     5 |     5 ||    12
